 Dungeon Crawl Stone Soup version 0.20.0-15-g7f486f2 (webtiles) character file.

726 asdasd2 the Chopper (level 7, -1/62 HPs)
             Began as a Minotaur Fighter on June 20, 2017.
             Slain by a killer bee (7 damage)
             ... on level 4 of the Dungeon.
             The game lasted 00:06:50 (3884 turns).

asdasd2 the Chopper (Minotaur Fighter)              Turns: 3884, Time: 00:06:51

Health: -1/62      AC: 12    Str: 23    XL:     7   Next: 44%
Magic:  6/6        EV: 10    Int:  5    God:
Gold:   221        SH: 11    Dex: 11    Spells: 6/6 levels left

rFire    . . .     SeeInvis .   a - +1 war axe
rCold    . . .     Gourm    .   c - +1 shield
rNeg     . . .     Faith    .   l - +0 plate armour
rPois    .         Spirit   .   (helmet restricted)
rElec    .         Reflect  .   (no cloak)
rCorr    .         Harm     .   (no gloves)
MR       .....                  (no boots)
Stlth    ..........             (no amulet)
Regen    0.2/turn               (no ring)
MPRegen  0.1/turn               u - -3 ring of dexterity (curse)

@: agile, lethally poisoned (-1 -> -9)
A: retaliatory headbutt, horns 2
a: no special abilities


You were on level 4 of the Dungeon.
You were not hungry.

You visited 1 branch of the dungeon, and saw 4 of its levels.

You collected 221 gold pieces.

Inventory:

Hand Weapons
 a - a +1 war axe (weapon)
Armour
 b - a +0 scale mail
 c - a +1 shield (worn)
 l - a +0 plate armour (worn)
Jewellery
 i - an uncursed ring of ice
 k - an uncursed ring of protection from cold {unknown}
 u - a cursed -3 ring of dexterity (right hand)
Wands
 s - a wand of enslavement (3/24)
Potions
 e - a potion of lignification
 h - a potion of haste {unknown}
 n - a potion of mutation {unknown}
 o - a potion of degeneration {unknown}
 q - a potion of flight {unknown}
 t - a potion of brilliance
Comestibles
 f - 5 bread rations


   Skills:
 * Level 5.9 Fighting
 + Level 6.3 Axes
 + Level 5.2 Armour
 + Level 1.3 Dodging
 + Level 5.9 Shields


You had 6 spell levels left.
You didn't know any spells.

Dungeon Overview and Level Annotations

Branches:
Dungeon (4/15)
 Temple: D:4-7

Altars:
Ashenzari
Elyvilon
Fedhas
Nemelex Xobeh
Ru
Yredelemnul
Zin


Innate Abilities, Weirdness & Mutations

You reflexively headbutt those who attack you in melee.
You have a pair of horns on your head.


Message History

The killer bee stings you but does no damage.
You block the killer bee's attack. x2
You slash the killer bee!
The killer bee is heavily wounded.
You feel sick. The killer bee stings you.
* * * LOW HITPOINT WARNING * * *
You are lethally poisoned!
The killer bee poisons you! You block the killer bee's attack.
Unknown command.
Unknown command.
You closely miss the killer bee.
The killer bee is heavily wounded.
* * * LOW HITPOINT WARNING * * *
You feel sick. You block the killer bee's attack. The killer bee misses you.
You block the killer bee's attack.
You miss the killer bee.
The killer bee is heavily wounded.
* * * LOW HITPOINT WARNING * * *
You feel sick. The killer bee stings you!
You die...

#.#.#.#..######.#
#.#...........#.#
##########.#...##.###..#.#
#..............##.# #..#.#
#.###.###.....y##.###.)#.#
#.# #.# #....y.......†....
#.# #.# #.####.#####...#..
#.# #.# #.# #.# #.#.#..
#.# #.# #@# #.# ###.#.#..
#.# #.###y# #.# #........
#.# #.>.#y# #.###.#...###
#.# #....s# #.......#.# #
#.# #.>.### #####.#...###
#.# ##..# #......)... #.#
#..# #.###....##
#.####..##### #.###.#....
#...........####.##....###


You could see a scorpion and 2 killer bees.

Vanquished Creatures
  The ghost of altajko the Ogre Mage, an amateur OgWz (D:3)
  An ogre (D:4)
  4 killer bees (D:4)
  A hound (D:4)
  An orc wizard (D:3)
  An iguana (D:4)
  4 worker ants (D:4)
  5 adders
  A howler monkey skeleton (D:4)
  An adder skeleton (D:4)
  3 worms
  2 dart slugs
  3 leopard geckos
  8 orcs
  7 bats
  5 giant cockroaches
  13 goblins
  17 hobgoblins
  13 jackals
  3 quokkas
  2 ball pythons
  5 frilled lizards
  12 kobolds
  6 rats
119 creatures vanquished.

Notes
Turn   | Place    | Note
-------+----------+-------------------------------------------
     0 | D:1      | asdasd2 the Minotaur Fighter began the quest for the Orb.
     0 | D:1      | Reached XP level 1. HP: 19/19 MP: 0/0
   407 | D:1      | Reached XP level 2. HP: 27/27 MP: 1/1
  1010 | D:1      | Reached XP level 3. HP: 24/33 MP: 2/2
  1112 | D:2      | You fall through a shaft!
  1117 | D:3      | Noticed altajko's ghost (amateur OgWz)
  1123 | D:3      | Killed altajko's ghost
  1123 | D:3      | Reached skill level 3 in Axes
  1123 | D:3      | Reached skill level 1 in Dodging
  1123 | D:3      | Reached XP level 4. HP: 38/41 MP: 3/3
  1138 | D:3      | Reached skill level 4 in Axes
  1138 | D:3      | Reached XP level 5. HP: 46/47 MP: 4/4
  1632 | D:2      | Found a blossoming altar of Fedhas.
  2195 | D:3      | Found a sacrificial altar of Ru.
  2212 | D:3      | Reached skill level 5 in Fighting
  2484 | D:3      | Found a basalt altar of Yredelemnul.
  2484 | D:3      | Found a sparkling altar of Nemelex Xobeh.
  2489 | D:3      | Found a glowing silver altar of Zin.
  2736 | D:4      | Reached XP level 6. HP: 56/56 MP: 5/5
  2747 | D:4      | Reached skill level 5 in Shields
  2796 | D:4      | Reached skill level 5 in Axes
  3046 | D:4      | Found a white marble altar of Elyvilon.
  3046 | D:4      | Found a shattered altar of Ashenzari.
  3097 | D:4      | Reached skill level 5 in Armour
  3105 | D:4      | Reached XP level 7. HP: 16/61 MP: 6/6
  3403 | D:4      | Reached skill level 6 in Axes
  3877 | D:4      | HP: 3/93 [killer bee (3)]
  3884 | D:4      | Slain by a killer bee

Skill      XL: |  1  2  3  4  5  6  7 |
---------------+----------------------+-----
Fighting       | 4 5 |  5.9
Armour         | 4 5 |  5.2
Axes           | 3 4 5 6 |  6.3
Dodging        | 1 |  1.3
Shields        | 4 5 |  5.9

Action                   |  1- 3 |  4- 6 |  7- 9 || total
-------------------------+-------+-------+-------++-------
Melee: War axe           |    81 |   203 |    51 ||   335
       Headbutt          |     9 |    34 |     4 ||    47
  Use: Potion            |     1 |     2 |     4 ||     7
       Scroll            |       |     7 |     1 ||     8
  Eat: Chunk             |       |     7 |     1 ||     8
       Fruit             |       |       |     2 ||     2
Armor: Scale mail        |    41 |    33 |       ||    74
       Plate armour      |       |    88 |    28 ||   116
       Skin              |       |       |    16 ||    16
Dodge: Dodged            |    24 |    49 |    18 ||    91
Block: Shield            |    54 |   112 |    51 ||   217
